 Dungeon Crawl Stone Soup version 0.19-a0-746-g995b792 (webtiles) character file.

5604 TheGoonsmith the Geomancer (level 10, 0/52 HPs)
             Began as a Gargoyle Earth Elementalist on June 23, 2016.
             Was a Believer of Ashenzari.
             Slain by an eight-headed hydra (11 damage)
             ... on level 1 of the Lair of Beasts on June 24, 2016.
             The game lasted 00:23:24 (9578 turns).

TheGoonsmith the Geomancer (GrEE)                   Turns: 9578, Time: 00:23:25

Health: 0/52       AC: 20    Str: 13    XL:     10   Next: 73%
Magic:  22/22      EV:  7    Int: 18    God:    Ashenzari [**....]
Gold:   285        SH:  0    Dex: 14    Spells: 4 memorised, 12 levels left

rFire  + . .     SeeInvis .     w - +7 quarterstaff "Kiatanipyrgh" {crush, *Drain rN+++ Dex+4} (curse)
rCold  . . .     Gourm    .     G - +3 leather armour {rF+}
rNeg   + + +     Faith    .     (shield currently unavailable)
rPois  ∞         Spirit   .     o - +0 helmet (curse)
rElec  +         Dismiss  .     k - +2 cloak (curse)
rCorr  .         Reflect  .     f - +2 pair of gloves (curse)
SustAt .         Harm     .     (no boots)
MR     +....                    (no amulet)
Stlth  ++........               (no ring)
                                h - ring of protection from magic (curse)

@: somewhat resistant to hostile enchantments, unstealthy
A: negative energy resistance 1, electricity resistance, unbreathing,
petrification resistance, rot immunity, AC +7
a: Curse Item, Scrying, Renounce Religion


You were on level 1 of the Lair of Beasts.
You worshipped Ashenzari.
Ashenzari was pleased with you.
You were not hungry.

You visited 2 branches of the dungeon, and saw 9 of its levels.

You collected 483 gold pieces.
You spent 198 gold pieces at shops.

Inventory:

Hand Weapons
 a - a +2 dagger of protection
 p - a +0 hand axe
 w - the cursed +7 quarterstaff "Kiatanipyrgh" (weapon) {crush, *Drain rN+++ Dex+4}
   (You bought it in a shop on level 4 of the Dungeon)

   It inflicts extra damage upon your enemies.
   It affects your dexterity (+4).
   It renders you almost immune to negative energy.
   It causes draining when unequipped.
   It has a curse placed upon it.
 K - a +0 lajatang
 O - the cursed +2 dagger "Bomute" {pierce, rElec}
   (You found it on level 8 of the Dungeon)

   It inflicts extra damage upon your enemies.
   It insulates you from electricity.
   It has a curse placed upon it.
Missiles
 b - 312 stones (quivered)
Armour
 c - a +0 robe
 f - a cursed +2 pair of gloves (worn)
 k - a cursed +2 cloak (worn)
 o - a cursed +0 helmet (worn)
 t - a +0 cloak
 x - a +0 leather armour
 G - a +3 leather armour of fire resistance (worn)
Magical Staves
 m - an uncursed staff of wizardry
Jewellery
 h - a cursed ring of protection from magic (left hand)
 i - an uncursed amulet of harm
 D - a +2 ring of intelligence
 J - a +4 ring of dexterity
Wands
 n - a wand of enslavement (11/24)
 y - a wand of slowing (27/48)
 F - a wand of lightning (3/15)
Scrolls
 g - 2 scrolls of enchant weapon
 l - a scroll of noise
 r - 4 scrolls of identify
 A - a scroll of remove curse
 B - a scroll of recharging
Potions
 j - a potion of curing
 s - 2 potions of flight
 u - a potion of ambrosia
 v - a potion of lignification
 C - 5 potions of cancellation
 E - a potion of brilliance
 M - a potion of magic
Books
 e - a book of Geomancy

   Spells                             Type                      Level
   a - Sandblast                      Earth                        1
   b - Passwall                       Transmutation/Earth          2
   c - Stone Arrow                    Conjuration/Earth            3
   d - Petrify                        Transmutation/Earth          4
   e - Lee's Rapid Deconstruction     Earth                        5
Comestibles
 d - 4 bread rations
 q - 3 slices of pizza
 z - 3 meat rations
 H - 2 fruits


   Skills:
 + Level 1.0 Fighting
 * Level 1.5(3.5) Staves
 - Level 1.5(2.6) Dodging
 - Level 2.1(3.3) Stealth
 - Level 8.4 Spellcasting
 - Level 6.2 Conjurations
 - Level 5.1 Transmutations
 - Level 11.7 Earth Magic


You had 12 spell levels left.
You knew the following spells:

 Your Spells              Type           Power        Failure   Level  Hunger
a - Sandblast             Erth           #####.       1%          1    None
b - Petrify               Tmut/Erth      #####...     3%          4    ###....
x - Stone Arrow           Conj/Erth      #####.       1%          3    None
z - Lee's Rapid Deconstr  Erth           #####.....   2%          5    #####..


Dungeon Overview and Level Annotations

Branches:
Dungeon (8/15)             Temple (0/1) D:5            Lair (1/6) D:8

Altars:
Ashenzari
Fedhas
Gozag
Hepliaklqana
Kikubaaqudgha
Nemelex Xobeh
Okawaru
Pakellas
Trog
Xom
Zin
The Shining One

Shops:
D:4 (


Innate Abilities, Weirdness & Mutations

You are resistant to torment.
Your stone body is resilient. (AC +7)
You are immune to poison.
You resist negative energy. (rN+)
You are resistant to electric shocks. (rElec)
You can survive without breathing.
You are immune to petrification.
You are immune to rotting.


Message History

The spiny frog croaks.
The komodo dragon bites you!!
The eight-headed hydra bites you but does no damage. x2
The eight-headed hydra bites you. x2
The eight-headed hydra closely misses you.
The eight-headed hydra completely misses you.
The eight-headed hydra bites you!
* * * LOW HITPOINT WARNING * * *
The eight-headed hydra closely misses you.
The hippogriff misses you. The hippogriff barely misses you.
The hippogriff claws you.
* * * LOW HITPOINT WARNING * * *
A komodo dragon comes into view.
There is a staircase back to the Dungeon here.
Unknown command.
Unknown command.
Okay, then.
The komodo dragon bites you but does no damage.
The eight-headed hydra bites you!
You die...

* , .. ## *
.#####.#.#### ,
............ ,
...........###
*
.............#l
, ,
...........P...
, ,
........D..#
......l@...#
......F.H..#
#.........##
#%P.......# * *
, .........##
**+.##...#.#*,
* . ,.... .. ,
, , , .....,..
, ,


You could see an eight-headed hydra, 2 komodo dragons, a hippogriff and a spiny
frog.

Vanquished Creatures
  Erolcha (D:8)
  Pikel (D:5)
  Joseph (D:7)
  A yak (D:8)
  Eustachio (D:6)
  A water moccasin (D:8)
  Edmund (D:5)
  Duvessa (D:7)
  2 orc warriors (D:8)
  A black bear (D:8)
  2 sky beasts (D:7)
  A phantom (D:3)
  An ogre (D:7)
  A crocodile (D:8)
  2 centaurs
  A big kobold (D:8)
  9 giant frogs
  Dowan (D:7)
  A water moccasin zombie (D:5)
  4 scorpions
  2 killer bees (D:8)
  8 wights
  A howler monkey (D:6)
  3 crimson imps
  2 jellies
  6 orc wizards
  5 orc priests
  A hound (D:5)
  6 iguanas
  Natasha (thrice) (D:2)
  5 worker ants
  A killer bee zombie (D:8)
  A hound skeleton (D:4)
  Robin (D:1)
  14 adders
  4 gnolls (D:7)
  A river rat (D:8)
  A white imp (D:6)
  An adder zombie (D:5)
  A worm (D:2)
  2 dart slugs
  6 giant geckos
  23 orcs
  9 giant cockroaches
  20 goblins
  5 hobgoblins
  4 jackals
  A quokka (D:7)
  2 ball pythons
  16 bats
  A giant gecko zombie (D:7)
  2 giant newts
  12 kobolds
  A quokka skeleton (D:6)
  16 rats
221 creatures vanquished.

Vanquished Creatures (others)
  A scorpion (D:7)
  12 fungi (D:8)
  4 plants (D:8)
17 creatures vanquished.

Grand Total: 238 creatures vanquished

Notes
Turn   | Place    | Note
--------------------------------------------------------------
     0 | D:1      | TheGoonsmith the Gargoyle Earth Elementalist began the quest for the Orb.
     0 | D:1      | Reached XP level 1. HP: 10/10 MP: 3/3
   255 | D:1      | Reached skill level 4 in Earth Magic
   436 | D:1      | Reached XP level 2. HP: 13/15 MP: 1/5
  1113 | D:2      | Noticed Natasha
  1117 | D:2      | Killed Natasha
  1117 | D:2      | Reached XP level 3. HP: 16/19 MP: 2/7
  1122 | D:2      | Noticed Robin
  1244 | D:1      | Killed Robin
  1244 | D:1      | Reached skill level 5 in Earth Magic
  1244 | D:1      | Reached XP level 4. HP: 16/24 MP: 0/8
  1484 | D:2      | Learned a level 3 spell: Stone Arrow
  1549 | D:2      | Noticed Natasha
  1555 | D:2      | Killed Natasha
  1681 | D:2      | Noticed Natasha
  1683 | D:2      | Killed Natasha
  1683 | D:2      | Reached skill level 1 in Conjurations
  1683 | D:2      | Reached XP level 5. HP: 28/28 MP: 4/9
  1818 | D:2      | Found a bloodstained altar of Trog.
  1996 | D:2      | Learned a level 5 spell: Lee's Rapid Deconstruction
  2228 | D:3      | Found an oddly glowing altar of Pakellas.
  2230 | D:3      | Noticed a centaur
  2237 | D:3      | Killed a centaur
  2237 | D:3      | Reached skill level 6 in Earth Magic
  2294 | D:3      | Reached XP level 6. HP: 32/32 MP: 6/11
  2577 | D:3      | Found a shimmering altar of Xom.
  2776 | D:3      | Found a shattered altar of Ashenzari.
  2789 | D:3      | Became a worshipper of Ashenzari the Shackled
  2872 | D:3      | Noticed a phantom
  2880 | D:3      | Killed a phantom
  3005 | D:3      | Reached XP level 7. HP: 11/36 MP: 0/12
  3668 | D:4      | Found a glowing golden altar of the Shining One.
  3689 | D:4      | Reached skill level 7 in Earth Magic
  3855 | D:4      | Found a hazy altar of Hepliaklqana.
  3857 | D:4      | Found a sparkling altar of Nemelex Xobeh.
  3857 | D:4      | Found a glowing silver altar of Zin.
  3861 | D:4      | Found an iron altar of Okawaru.
  4062 | D:4      | Found Xydgh's Antique Weapon Boutique.
  4294 | D:4      | Bought a jewelled quarterstaff for 198 gold pieces
  4294 | D:4      | Identified the +7 quarterstaff "Kiatanipyrgh" {crush, *Drain rN+++ Dex+4} (You bought it in a shop on level 4 of the Dungeon)
  4512 | D:4      | Learned a level 4 spell: Petrify
  4526 | D:5      | Entered Level 5 of the Dungeon
  4595 | D:5      | Found an ancient bone altar of Kikubaaqudgha.
  4737 | D:5      | Found a staircase to the Ecumenical Temple.
  4752 | D:5      | Noticed Edmund
  4779 | D:5      | Killed Edmund
  4779 | D:5      | Reached skill level 5 in Conjurations
  4779 | D:5      | Reached XP level 8. HP: 34/41 MP: 1/14
  4783 | D:5      | Reached skill level 8 in Earth Magic
  5032 | D:5      | Reached * piety under Ashenzari
  5180 | D:5      | Noticed Pikel
  5210 | D:5      | Killed Pikel
  5210 | D:5      | Reached skill level 9 in Earth Magic
  5431 | D:6      | Reached skill level 5 in Spellcasting
  5734 | D:6      | Reached XP level 9. HP: 45/45 MP: 17/17
  5988 | D:6      | Reached skill level 10 in Earth Magic
  6150 | D:6      | Noticed Eustachio
  6176 | D:6      | Killed Eustachio
  6674 | D:7      | Found an opulent altar of Gozag.
  6730 | D:7      | Noticed Joseph
  6732 | D:7      | Noticed Duvessa
  6733 | D:7      | Noticed Dowan
  6759 | D:7      | Killed Duvessa
  6972 | D:7      | Killed Dowan
  6980 | D:7      | Killed Joseph
  6980 | D:7      | Reached skill level 11 in Earth Magic
  7465 | D:7      | Reached skill level 1 in Transmutations
  7971 | D:7      | Reached XP level 10. HP: 46/50 MP: 2/20
  8465 | D:8      | Identified the cursed +2 dagger "Bomute" {pierce, rElec}
  8473 | D:8      | Noticed Erolcha
  9064 | D:8      | Reached ** piety under Ashenzari
  9099 | D:8      | Killed Erolcha
  9099 | D:8      | Reached skill level 5 in Transmutations
  9203 | D:8      | Found a blossoming altar of Fedhas.
  9242 | D:8      | Found a staircase to the Lair.
  9395 | Lair:1   | Entered Level 1 of the Lair of Beasts
  9395 | Lair:1   | Noticed an eight-headed hydra
  9400 | Lair:1   | Noticed a spiny frog
  9403 | D:8      | Reached skill level 1 in Staves
  9405 | D:8      | Reached skill level 1 in Fighting
  9578 | Lair:1   | Slain by an eight-headed hydra

Vault maps used:
D:1:      evilmike_arrival_hilbert_curve
D:2:      bloody_trog, uniq_robin, uniq_natasha
D:3:      tgw_xom, lemuel_round_altar, grunt_pakellas_basics,
          gup_sewer_entry_glass
D:4:      minitemple, serial_shops, nicolae_shop_behind_doors
D:5:      kiku_gazebo_garden_becter, first_bread, uniq_pikel, uniq_edmund
D:6:      serial_curves, eino_curves_04, eino_curves_01, minmay_fire_ice_demons,
          uniq_eustachio
D:7:      overflow_temple_1_default, st_stairs_8, uniq_joseph, uniq_duvessa
D:8:      fedhas_altar_2, grunt_lair_entry_orc_guard_hut, uniq_erolcha
Lair:1:   portal_ice_cave_entry_pillars_1, lemuel_fruit_fields,
          grunt_megastairs_1

Skill      XL: |  1  2  3  4  5  6  7  8  9 10 |
---------------+-------------------------------+-----
Earth Magic    | 4 5 6 7 9 11 | 11.7
Spellcasting   | 3 4 5 7 8 |  8.4
Conjurations   | 1 2 3 5 6 |  6.2
Transmutations | 2 5 |  5.1
Staves         | 1 |  1.5
Fighting       | 1 |  1.0
Dodging        | |  1.5
Stealth        | |  2.1

Action                   |  1- 3 |  4- 6 |  7- 9 | 10-12 || total
-------------------------+-------+-------+-------+-------++-------
Melee: Unarmed           |    20 |       |       |       ||    20
       Hand axe          |     8 |       |       |       ||     8
       Dagger            |     2 |     6 |     7 |       ||    15
       Quarterstaff      |       |       |    99 |   106 ||   205
 Cast: Sandblast         |    45 |   110 |    51 |       ||   206
       Stone Arrow       |       |     2 |    50 |    12 ||    64
       Lee's Rapid Decon |       |       |    10 |    12 ||    22
       Petrify           |       |       |       |     2 ||     2
Invok: Curse Item        |       |       |     5 |       ||     5
Evoke: Wand              |       |       |     1 |       ||     1
  Use: Scroll            |       |     7 |     3 |     9 ||    19
       Potion            |       |     1 |     3 |       ||     4
 Stab: Sleeping          |       |       |     1 |     1 ||     2
       Distracted        |       |       |     1 |       ||     1
  Eat: Chunk             |     1 |     6 |    14 |     7 ||    28
       Meat ration       |       |       |     1 |       ||     1
       Bread ration      |       |       |     1 |       ||     1
Armor: Robe              |    20 |     7 |       |       ||    27
       Leather armour    |       |    21 |    78 |   143 ||   242
Dodge: Dodged            |    42 |    33 |    79 |   239 ||   393
